 Dungeon Crawl Stone Soup version 0.29.1-2-gbd0b4ee654 (webtiles) character file.

Game seed: 15281970216206965715

16614 buriedalive the Nimble (level 12, 0/76 HPs)
             Began as a Deep Elf Conjurer on Aug 25, 2022.
             Was a Priest of Ashenzari.
             Killed from afar by an efreet (10 damage)
             ... with a bolt of fire
             ... on level 14 of the Dungeon on Nov 9, 2022.
             The game lasted 00:58:06 (19235 turns).

buriedalive the Nimble (Deep Elf Conjurer)         Turns: 19235, Time: 00:58:06

Health: 0/76       AC: 11    Str: 16    XL:     12   Next: 11%
Magic:  12/21      EV: 16    Int: 29    God:    Ashenzari [***...]
Gold:   566        SH: 11    Dex: 13    Spells: 1/21 levels left

rFire   + . .      SeeInvis +   y - staff of conjuration (curse) {Cun, Elem}
rCold   . . .      Faith    .   s - +3 buckler of the Chained Submission {Comp, Elem} (curse)
rNeg    . . .      Spirit   .   k - +2 leather armour {rF+}
rPois   .          Reflect  +   (no helmet)
rElec   +          Harm     .   x - +2 cloak of Supernal Gnosis {Melee, Range} (curse)
rCorr   .          Rampage  .   C - +2 pair of gloves of Ashenzari's Negligence {Range, Melee} (curse)
Will    +....      Clarity  +   (no boots)
Stlth   ++........              u - amulet "Oracular Optimism" {Reflect rElec SH+5, Evo, Fort} (curse)
HPRegen 0.22/turn               h - +6 ring of strength
MPRegen 0.17/turn               v - +6 ring of strength

@: no status effects
A: talons 1
a: Renounce Religion, Shatter the Chains


You were on level 14 of the Dungeon.
You worshipped Ashenzari.
Ashenzari was most pleased with you.
You visited 2 branches of the dungeon, and saw 15 of its levels.

You collected 663 gold pieces.
You spent 97 gold pieces at shops.

Inventory:

Hand Weapons
 f - a +1 dagger of holy wrath
 z - a +2 dagger of venom
 A - a +0 whip of electrocution
Missiles
 g - 29 poisoned darts
 j - 154 stones
 D - a curare-tipped dart
Armour
 k - a +2 leather armour of fire resistance (worn)
 s - the cursed +3 buckler of the Chained Submission (worn) {Comp, Elem}
   (You took it off a hobgoblin on level 3 of the Dungeon)

   It has a curse which improves the following skills: Companions: Summonings
   and Necromancy.
   Elements:  Fire Magic, Ice Magic, Air Magic and Earth Magic.
 x - the cursed +2 cloak of Supernal Gnosis (worn) {Melee, Range}
   (You took it off Crazy Yiuf on level 6 of the Dungeon)

   It has a curse which improves the following skills: Melee Combat: Short
   Blades, Long Blades, Axes, Maces & Flails, Polearms, Staves and Unarmed
   Combat.
   Ranged Combat: Ranged Weapons and Throwing.
 C - the cursed +2 pair of gloves of Ashenzari's Negligence (worn) {Range, Melee}
   (You found it on level 7 of the Dungeon)

   It has a curse which improves the following skills: Ranged Combat: Ranged
   Weapons and Throwing.
   Melee Combat: Short Blades, Long Blades, Axes, Maces & Flails, Polearms,
   Staves and Unarmed Combat.
Magical Staves
 y - a cursed staff of conjuration (weapon) {Cun, Elem}
Jewellery
 h - a +6 ring of strength (left hand)
 u - the cursed amulet "Oracular Optimism" (around neck) {Reflect rElec SH+5, Evo, Fort}
   (You found it on level 3 of the Dungeon)

   [amulet of reflection]

   It reflects blocked missile attacks.
   rElec:     It insulates you from electricity.
   SH:        It affects your SH (+5).
   It has a curse which improves the following skills: Evocations: Evocations.
   Fortitude: Armour and Shields.
 v - a +6 ring of strength (right hand)
 G - an amulet of the acrobat
Wands
 d - a wand of mindburst (8) (quivered)
 p - a wand of charming (9)
 t - a wand of polymorph (8)
 F - a wand of digging (2)
 I - a wand of roots (2)
Scrolls
 c - 4 scrolls of amnesia
 i - 4 scrolls of magic mapping
 l - a scroll of fog
 m - 2 scrolls of fear
 o - a scroll of blinking
 r - 9 scrolls of teleportation
 E - a scroll of silence
Potions
 a - a potion of berserk rage
 b - 5 potions of attraction
 e - 3 potions of resistance
 n - a potion of mutation
 q - 3 potions of haste
 w - 5 potions of brilliance
 B - a potion of invisibility
 H - a potion of ambrosia
Miscellaneous
 J - a phantom mirror


   Skills:
 + Level 9.4 Fighting
 - Level 11.1(12.7) Dodging
 - Level 2.4(3.7) Stealth
 - Level 5.0 Spellcasting
 - Level 11.1 Conjurations
 - Level 5.5 Hexes
 + Level 1.9(3.1) Necromancy
 - Level 9.5(12.0) Fire Magic


You had one spell level left.
You knew the following spells:

 Your Spells              Type           Power      Damage    Failure   Level
a - Magic Dart            Conj           100%       1d8       1%          1
b - Searing Ray           Conj           100%       2d8       1%          2
c - Fulminant Prism       Conj/Hex       35%        3d18      3%          4
d - Iskenderun's Battles  Conj           82%        2d13      3%          5
e - Sticky Flame          Conj/Fire      84%        2d10      1%          4
f - Anguish               Hex/Necr       16%        N/A       17%         4

Your spell library contained the following spells:

 Spells                   Type           Power      Damage    Failure   Level
 Necrotise                Necr           100%       1d9       2%          1
 Freeze                   Ice            36%        1d6       10%         1
 Beastly Appendage        Tmut           14%        N/A       11%         1
 Conjure Flame            Conj/Fire      84%        6-21      1%          3
 Dazzling Flash           Conj/Hex       100%       N/A       1%          3
 Confusing Touch          Hex            39%        N/A       3%          3
 Tukima's Dance           Hex            39%        N/A       3%          3
 Ignite Poison            Fire/Tmut/Pois 30%        N/A       6%          3
 Mephitic Cloud           Conj/Pois/Air  44%        N/A       7%          3
 Vampiric Draining        Necr           25%        2d7       9%          3
 Iskenderun's Mystic Bla  Conj/Tloc      56%        2d12      11%         4
 Call Imp                 Summ           8%         N/A       14%         2
 Wereblood                Tmut           7%         N/A       16%         2
 Spider Form              Tmut/Pois      7%         N/A       30%         3
 Agony                    Necr           25%        N/A       61%         5
 Yara's Violent Unravell  Hex/Tmut       11%        3d6       67%         5
 Passage of Golubria      Tloc           7%         N/A       71%         4
 Iron Shot                Conj/Erth      28%        9d6       83%         6
 Spellforged Servitor     Conj/Summ      28%        N/A       100%        7
 Discord                  Hex            19%        N/A       100%        8


Dungeon Overview and Level Annotations

Branches:
Dungeon (14/15)            Temple (1/1) D:5            Lair (0/5) D:8
    Orc (0/2) D:12
 Vaults: D:13-14

Altars:
Ashenzari
Cheibriados
Dithmenos
Elyvilon
Fedhas
Gozag
Hepliaklqana
Kikubaaqudgha
Makhleb
Nemelex Xobeh
Okawaru
Qazlal
Ru
Sif Muna
Trog
Uskayaw
Vehumet
Wu Jian
Xom
Yredelemnul
Zin
The Shining One

Shops:
D:8 ?

Portals:
Trove: D:10 (give 20 potions of curing)

Annotations:
D:7 1 runed translucent door, 0gre's ghost, novice GnIE
D:11 3 runed translucent doors, Fannar


Innate Abilities, Weirdness & Mutations

You have sharp toenails.


Message History

The searing ray hits the efreet.
The efreet is moderately wounded.
The searing ray hits the efreet!
The efreet is heavily wounded.
The efreet gestures at you. The bolt of fire hits you. You resist.
The searing ray hits the efreet but does no damage.
The efreet is heavily wounded.
You finish channelling your searing ray.
The efreet gestures at you.
The fireball explodes!
The fireball engulfs you! You resist.
The fireball engulfs the efreet.
The efreet completely resists.
You hear a shout!
Casting: Searing Ray (safe; 1% risk of failure)
Confirm with . or Enter, or press ? or * to list all spells.
Aiming: Searing Ray (safe; 1% risk of failure)
Press: ? - help, Shift-Dir - straight line, f/p - efreet
Aim: an efreet, wielding a +2 scimitar of flaming (heavily wounded, 94% to hit)
You feel a surge of power!
The searing ray hits the efreet but does no damage.
The efreet is heavily wounded. (Press . to maintain the ray.)
The efreet hits you with a +2 scimitar of flaming!
The efreet burns you.
The searing ray hits the efreet.
The efreet is severely wounded.
The efreet hits you with a +2 scimitar of flaming!
The efreet burns you.
The searing ray hits the efreet!
The efreet is almost dead.
The efreet gestures at you.
The fireball explodes!
The fireball engulfs you!! You resist.
* * * LOW HITPOINT WARNING * * *
The fireball engulfs the efreet.
The efreet completely resists.
The searing ray hits the efreet.
The efreet is almost dead.
You finish channelling your searing ray.
The efreet gestures at you. The bolt of fire hits you! You resist.
You die...

#.................!...##
#....#.................. ,
#...#.........).........
#...#..#................,,,
, #..###.#................
, ##. ##.#.###...........
## #.#.## #........... ,
##...# ##.......... , * *
#.##.## #.##@.......
####..# ###R........, ,
#### *........... ,
#......?.... ,
#..##........ , , ###
#........ *.#.#..... *
#*#...... , * , ,


You could see an efreet.

Vanquished Creatures
  A hydra (D:13)
  A centaur warrior (D:14)
  A two-headed ogre (D:12)
  A deep elf pyromancer (D:12)
  A cyclops (D:12)
  2 slime creatures (D:12)
  A manticore (D:12)
  Joseph (D:8)
  A gargoyle (D:12)
  An unseen horror (D:12)
  A kobold demonologist (D:10)
  A komodo dragon (D:8)
  A hornet (D:8)
  2 trolls (D:12)
  Grinder (D:6)
  Sigmund (D:2)
  2 wyverns
  4 wraiths
  Grum (D:11)
  2 vampires
  23 yaks
  2 steam dragons (D:8)
  2 basilisks (D:8)
  12 vampire mosquitoes
  Menkaure (D:6)
  2 acid dragons
  2 water moccasins
  2 ice beasts
  2 orc warriors
  2 sky beasts (D:7)
  A black bear (D:6)
  4 wolves (D:11)
  An ogre (D:5)
  4 centaurs
  2 phantoms
  2 kobold brigands
  4 bullfrogs
  2 scorpions
  5 wights (D:10)
  10 howler monkeys
  6 hounds
  2 jellies (D:8)
  Crazy Yiuf (D:6)
  2 orc priests
  An iguana (D:5)
  11 orc wizards
  2 human simulacra (D:10)
  12 adders
  A white imp (D:7)
  3 worms
  A dart slug (D:1)
  49 orcs
  6 bats
  8 endoplasms
  7 giant cockroaches
  6 hobgoblins
  14 jackals
  8 quokkas
  6 ball pythons
  6 frilled lizards
  10 goblins
  13 kobolds
  7 rats
294 creatures vanquished.

Vanquished Creatures (others)
  A kobold brigand (D:10)
  A fulminant prism (D:8)
2 creatures vanquished.

Grand Total: 296 creatures vanquished

Notes
Turn   | Place    | Note
-------+----------+-------------------------------------------
     0 | D:1      | buriedalive the Deep Elf Conjurer began the quest for the
                  | Orb.
     0 | D:1      | Reached XP level 1. HP: 10/10 MP: 6/6
   259 | D:1      | Reached XP level 2. HP: 15/15 MP: 5/8
  1001 | D:1      | Upgraded the game from 0.29.0-3-gbb0933ed62 to
                  | 0.29.1-1-gd02db6906a
  1021 | D:1      | Reached XP level 3. HP: 19/19 MP: 8/10
  1100 | D:1      | Learned a level 2 spell: Searing Ray
  1648 | D:1      | Found a faded altar of an unknown god.
  1845 | D:2      | Reached skill level 5 in Conjurations
  2270 | D:2      | Reached XP level 4. HP: 24/24 MP: 6/12
  2322 | D:2      | Learned a level 4 spell: Fulminant Prism
  2570 | D:2      | Noticed Sigmund
  2726 | D:2      | Killed Sigmund
  2727 | D:2      | Reached skill level 5 in Spellcasting
  2727 | D:2      | Reached XP level 5. HP: 28/28 MP: 5/14
  3257 | D:3      | Reached XP level 6. HP: 32/32 MP: 6/15
  3434 | D:3      | Found a sparkling altar of Nemelex Xobeh.
  3434 | D:3      | Noticed an ice beast
  3551 | D:3      | Killed an ice beast
  3552 | D:3      | Reached skill level 5 in Dodging
  3766 | D:3      | Identified the amulet "Jehiu" {Reflect rElec SH+5}
  4531 | D:4      | Reached XP level 7. HP: 36/36 MP: 3/16
  4832 | D:4      | Found a bloodstained altar of Trog.
  5101 | D:4      | Got Kogagi Rala's Catalogue of Hypothermia and Charms
  5581 | D:4      | Found a hazy altar of Hepliaklqana.
  5691 | D:5      | Entered Level 5 of the Dungeon
  6466 | D:5      | Found a staircase to the Ecumenical Temple.
  6530 | Temple   | Entered the Ecumenical Temple
  6580 | Temple   | Became a worshipper of Ashenzari the Shackled
  6646 | D:5      | Reached XP level 8. HP: 41/41 MP: 10/17
  7297 | D:6      | Found a runed translucent door.
  7298 | D:6      | Noticed Crazy Yiuf
  7336 | D:6      | Noticed Grinder
  7344 | D:6      | Killed Grinder
  7618 | D:6      | Noticed Menkaure
  7620 | D:6      | Killed Menkaure
  7993 | D:6      | Learned a level 5 spell: Iskenderun's Battlesphere
  8128 | D:6      | Found an opulent altar of Gozag.
  8129 | D:6      | Found an ancient bone altar of Kikubaaqudgha.
  8367 | D:6      | Killed Crazy Yiuf
  8804 | D:7      | Reached skill level 1 in Fighting
  8961 | D:7      | Reached XP level 9. HP: 47/47 MP: 11/18
  8971 | D:7      | Reached skill level 10 in Conjurations
  9137 | D:7      | Gained mutation: You have sharp toenails. [potion of
                  | mutation]
  9140 | D:7      | Reached * piety under Ashenzari
  9224 | D:7      | Reached skill level 10 in Dodging
  9772 | D:7      | Found a runed translucent door.
  9772 | D:7      | Noticed 0gre's ghost (novice GnIE)
 10488 | D:8      | Noticed a centaur warrior
 10488 | D:8      | Noticed a manticore
 10492 | D:8      | Noticed a troll
 10495 | D:8      | Noticed a tengu conjurer
 10496 | D:8      | Noticed a two-headed ogre
 10497 | D:8      | Noticed a troll
 10736 | D:8      | Paralysed by a hornet for 2 turns
 10783 | D:8      | Learned a level 4 spell: Sticky Flame
 10860 | D:8      | Noticed a komodo dragon
 10867 | D:8      | Killed a komodo dragon
 10868 | D:8      | Reached skill level 1 in Fire Magic
 10868 | D:8      | Reached XP level 10. HP: 51/57 MP: 5/19
 11206 | D:8      | Found a staircase to the Lair.
 11580 | D:8      | Reached ** piety under Ashenzari
 11582 | D:8      | Noticed Joseph
 11599 | D:8      | Killed Joseph
 11600 | D:8      | Reached skill level 5 in Fighting
 11932 | D:8      | Found Guphareh's Magic Scroll Emporium.
 11938 | D:8      | Bought a scroll of enchant armour for 97 gold pieces
 12547 | D:9      | Reached skill level 1 in Hexes
 12754 | D:9      | Found a glowing golden altar of the Shining One.
 13539 | D:10     | Entered Level 10 of the Dungeon
 13974 | D:10     | Reached skill level 5 in Hexes
 14139 | D:10     | Reached *** piety under Ashenzari
 14143 | D:10     | Found an ornate altar of the Wu Jian Council.
 14211 | D:10     | Upgraded the game from 0.29.1-1-gd02db6906a to
                  | 0.29.1-2-gbd0b4ee654
 14343 | D:10     | Learned a level 3 spell: Conjure Flame
 14345 | D:10     | Found a portal to a secret trove of treasure.
 14636 | D:10     | Reached skill level 5 in Fire Magic
 14636 | D:10     | Reached XP level 11. HP: 66/66 MP: 7/20
 15701 | D:11     | Reached **** piety under Ashenzari
 15703 | D:11     | Noticed Grum
 15740 | D:11     | Killed Grum
 15757 | D:11     | HP: 3/68 [troll (5)]
 15769 | D:11     | Noticed a seven-headed hydra
 16038 | D:11     | Found a runed translucent gate.
 16038 | D:11     | Found a runed translucent gate.
 16038 | D:11     | Found a runed translucent gate.
 16125 | D:11     | Noticed a four-headed hydra
 16135 | D:11     | Noticed Fannar
 16535 | D:12     | Found a staircase to the Orcish Mines.
 17898 | D:12     | Noticed a two-headed ogre
 17903 | D:12     | Killed a two-headed ogre
 18220 | D:12     | Noticed a deep elf pyromancer
 18230 | D:12     | Killed a deep elf pyromancer
 18515 | D:13     | Reached XP level 12. HP: 68/76 MP: 5/21
 18702 | D:13     | Noticed a five-headed hydra
 18712 | D:13     | Killed a five-headed hydra
 18858 | D:13     | Learned a level 4 spell: Anguish
 18946 | D:13     | Noticed a seven-headed hydra
 19071 | D:14     | Noticed a centaur warrior
 19087 | D:14     | Killed a centaur warrior
 19088 | D:14     | Reached skill level 1 in Necromancy
 19235 | D:14     | Killed from afar by an efreet

Illustrated notes

Levels and vault maps discovered:
D:1:      amcnicky_arrival_blooded_trapdoor, layout_loops_corners,
          hellmonk_ecumenical_altar_inner_sanctum
D:2:      layout_basic, uniq_sigmund
D:3:      layout_loops_ring, mainiacjoe_overflow_brackets, serial_rivers,
          chequers_serial_rivers_small_b, chequers_serial_rivers_small_a,
          chequers_serial_rivers_marsh, chequers_serial_rivers_small_b,
          wander_ebering_terrifying_dragon_lair
D:4:      layout_basic, mainiacjoe_overflow_concentric_impassable,
          mainiacjoe_overflow_alcove_2, gup_sewer_entry_pipe
D:5:      layout_basic, minmay_temple_entry_slanted, kennysheep_dice
D:6:      layout_basic, gammafunk_temple_overflow_statue, uniq_menkaure,
          uniq_crazy_yiuf_cottage, uniq_grinder
D:7:      layout_loops_ring, gammafunk_ghost_grave
D:8:      layout_basic, erik_lair_dragon, serial_shops, shop,
          onia_ninara_dug_in_and_dangerous, uniq_joseph
D:9:      layout_loops_ring, lemuel_coloured_pillars_altar
D:10:     layout_roguey, overflow_temple_1_default, enter_trove_1,
          bh_circular_ruins
D:11:     layout_cave_pools, gammafunk_ghost_nasty_kobolds, uniq_urug,
          uniq_fannar, uniq_grum
D:12:     layout_roguey, david_orc_2, kennysheep_potato
D:13:     layout_stronghold, minmay_diced_spiral
D:14:     layout_big_octagon, grunt_vaults_entry_fortified,
          minmay_staircase_windowed_large, gammafunk_ghost_arena,
          uniq_josephine, uniq_louise
Temple:   hellmonk_temple_of_storms

Skill      XL: |  1  2  3  4  5  6  7  8  9 10 11 12 |
---------------+-------------------------------------+-----
Dodging        | 3 4 6 7 9 11 | 11.1
Spellcasting   | 4 5 |  5.0
Conjurations   | 5 6 8 9 11 | 11.1
Fighting       | 1 4 6 9 |  9.4
Fire Magic     | 1 5 9 |  9.5
Hexes          | 5 |  5.5
Necromancy     | 1 |  1.9
Stealth        | |  2.4

Action                   |  1- 3 |  4- 6 |  7- 9 | 10-12 || total
-------------------------+-------+-------+-------+-------++-------
Melee: Unarmed           |     6 |       |       |       ||     6
       Dagger            |     7 |    18 |    18 |       ||    43
       Staff             |       |       |     9 |    81 ||    90
       Kick              |       |       |     2 |    38 ||    40
 Cast: Magic Dart        |    66 |    32 |   120 |    54 ||   272
       Searing Ray       |     6 |    21 |    62 |    72 ||   161
       Sticky Flame      |       |       |     1 |    43 ||    44
       Iskenderun's Batt |       |       |       |     7 ||     7
       Conjure Flame     |       |       |       |     1 ||     1
       Fulminant Prism   |       |       |       |     1 ||     1
Invok: Curse Item        |       |       |     2 |     4 ||     6
       Shatter the Chain |       |       |       |     1 ||     1
Evoke: Wand              |       |       |     1 |    12 ||    13
  Use: Scroll            |       |     5 |    12 |     6 ||    23
       Potion            |       |     2 |     2 |     9 ||    13
 Stab: Sleeping          |     2 |       |       |       ||     2
Armor: Robe              |     8 |     1 |     7 |    20 ||    36
       Leather armour    |       |       |       |    15 ||    15
Dodge: Dodged            |    23 |    14 |    56 |   182 ||   275
Block: Buckler           |       |     8 |    54 |   183 ||   245
       Reflection        |       |     1 |    11 |     6 ||    18
